 Dungeon Crawl Stone Soup version 0.30-a0-365-ge7f957f1db (webtiles) character file.

Game seed: 13713428856619192933

287 Bnni the Poker (level 6, -1/50 HPs)
             Began as a Formicid Fighter on Nov 17, 2022.
             Slain by bosakos's ghost (6 damage)
             ... on level 3 of the Dungeon.
             The game lasted 00:04:47 (1984 turns).

Bnni the Poker (Formicid Fighter)                   Turns: 1984, Time: 00:04:48

Health: -1/50      AC:  8    Str: 22      XL:     6   Next: 56%
Magic:  21/21      EV:  9    Int:  8      God:
Gold:   104        SH:  5    Dex: 16 (19) Spells: 5/5 levels left

rFire   . . .      SeeInvis +    a - +0 trident
rCold   . . .      Faith    +    c - +0 buckler
rNeg    . . .      Spirit   .    b - +0 scale mail
rPois   .          Reflect  .    (helmet unavailable)
rElec   .          Harm     .    (no cloak)
rCorr   .          Rampage  .    y - +0 pair of gloves
Will    .....                    (no boots)
Stlth   ..........               s
                                   - Hermit's Pendant {Faith Invo=14 Evo=0 MP+5}
HPRegen 0.28/turn                h - +6 ring of dexterity
MPRegen 0.17/turn                (no ring)

@: no status effects
A: permanent stasis, dig shafts and tunnels, antennae 3, four strong arms
a: Dig, Shaft Self


You were on level 3 of the Dungeon.
You visited 1 branch of the dungeon, and saw 3 of its levels.

You collected 104 gold pieces.

Inventory:

Hand Weapons
 a - a +0 trident (weapon)
 q - a +1 dagger of venom
Missiles
 i - a throwing net
Armour
 b - a +0 scale mail (worn)
 c - a +0 buckler (worn)
 y - a +0 pair of gloves (worn)
Jewellery
 h - a +6 ring of dexterity (left hand)
 s - the Hermit's Pendant (around neck) {Faith Invo=14 Evo=0 MP+5}
   (You found it on level 3 of the Dungeon)

   [amulet of faith]

   It sets your invocations skill to 14 and your evocations skill to 0.
   It allows you to gain divine favour quickly.
   MP:        It affects your magic capacity (+5).
 t - a ring of fire
Wands
 u - a wand of light (6)
 v - a wand of paralysis (12)
Scrolls
 g - 2 scrolls of teleportation
 l - a scroll of vulnerability {unknown}
 m - a scroll of magic mapping {unknown}
 x - a scroll of fog {unknown}
Potions
 d - a potion of haste {unknown}
 e - 2 potions of mutation {unknown}
 f - 2 potions of lignification {unknown}
 j - a potion of invisibility {unknown}
 k - 2 potions of heal wounds {unknown}
 n - 2 potions of resistance {unknown}
 o - a potion of curing
 p - a potion of cancellation {unknown}
 w - a potion of attraction {unknown}


   Skills:
 + Level 4.8 Fighting
 * Level 5.1 Polearms
 - Level 3.2 Armour
 - Level 5.0 Shields


You had 5 spell levels left.
You didn't know any spells.
Your spell library contained the following spells:

 Spells                   Type           Power      Damage    Failure   Level
 Slow                     Hex            0%         N/A       80%         1
 Confusing Touch          Hex            0%         N/A       99%         3
 Ozocubu's Armour         Ice            0%         N/A       99%         3
 Portal Projectile        Hex/Tloc       0%         N/A       99%         3
 Tukima's Dance           Hex            0%         N/A       99%         3
 Vampiric Draining        Necr           0%         2d6       99%         3
 Blade Hands              Tmut           0%         N/A       100%        5
 Metabolic Englaciation   Hex/Ice        0%         N/A       100%        5
 Simulacrum               Ice/Necr       0%         N/A       100%        6


Dungeon Overview and Level Annotations

Branches:
Dungeon (3/15)

Altars:
Ashenzari

Annotations:
D:3 1 transporter, bosakos's ghost, amateur MiFi


Innate Abilities, Weirdness & Mutations

You cannot be hasted, slowed, berserked, paralysed or teleported.
You can dig through walls and to a lower floor.
You have a pair of large antennae on your head. (SInv)
Your four strong arms can wield two-handed weapons with a shield.


Message History

* * * LOW HITPOINT WARNING * * *
The quasit claws you.
* * * LOW HITPOINT WARNING * * *
The quasit completely misses you. The quasit barely misses you.
You block the quasit's attack. The quasit barely misses you.
The quasit bites you but does no damage.
The quasit claws you but does no damage.
You block the quasit's attack. You block bosakos's ghost's attack.
Okay, then.
It was a potion of curing.
You feel better. You block the quasit's attack.
The quasit claws you but does no damage.
You block the quasit's attack.
The quasit bites you but does no damage.
The quasit claws you but does no damage. x2
The quasit bites you but does no damage.
The quasit barely misses you.
The quasit claws you but does no damage.
The quasit bites you.
* * * LOW HITPOINT WARNING * * *
The quasit barely misses you. x2; You block bosakos's ghost's attack.
Okay, then.
You puncture the quasit!
You kill the quasit!
The quasit bites you but does no damage.
The quasit claws you but does no damage.
The quasit claws you.
* * * LOW HITPOINT WARNING * * *
The quasit bites you but does no damage.
You block the quasit's attack.
The quasit claws you but does no damage.
Bosakos's ghost hits you!
* * * LOW HITPOINT WARNING * * *
Your Polearms skill increases to level 5!
You feel better.
You block the quasit's attack. x2; The quasit claws you.
* * * LOW HITPOINT WARNING * * *
You feel clumsy.
The quasit bites you but does no damage.
The quasit claws you but does no damage.
You block the quasit's attack. Bosakos's ghost hits you.
You die...

#.##+###.##.#.##................
#.#......##.#.........#.#.#.....
#.#......####.............#..###
##........##.............###..###
##.#......##.#.##..##....#.......
##.#............................#
...###...###©####................
........##.###.W#####....#.......
##.....##......#@5..#.........#.#
######.#....#...#5..##...........
.......#..##..#......#...........
#####..#...#..©..##.©#..........#
...##.##.#.....#.....#.).........
#####.#....###=..##.##...........
#####.##.. ..!?.....#............
.......### #####..##............
.....#...####.©.####...^###......


You could see 2 quasits and bosakos's ghost.

Vanquished Creatures
  A phantom (D:2)
  A quasit (D:3)
  Ijyb (D:3)
  An orc wizard (D:3)
  2 adders
  4 gnolls (D:3)
  A worm (D:3)
  4 dart slugs
  3 orcs (D:3)
  6 ball pythons
  8 bats
  6 endoplasms
  A giant cockroach (D:1)
  6 goblins
  3 hobgoblins
  2 jackals (D:1)
  6 kobolds
  A quokka (D:1)
  2 frilled lizards
  5 rats
64 creatures vanquished.

Notes
Turn   | Place    | Note
-------+----------+-------------------------------------------
     0 | D:1      | Bnni the Formicid Fighter began the quest for the Orb.
     0 | D:1      | Reached XP level 1. HP: 18/18 MP: 1/1
    84 | D:1      | Reached XP level 2. HP: 17/24 MP: 2/2
   140 | D:1      | You fall into a shaft and drop 1 floor!
   290 | D:2      | Noticed a phantom
   313 | D:2      | Killed a phantom
   314 | D:2      | Reached skill level 5 in Shields
   314 | D:2      | Reached XP level 3. HP: 16/30 MP: 3/3
   314 | D:2      | Reached XP level 4. HP: 20/37 MP: 4/4
   411 | D:2      | Reached XP level 5. HP: 42/42 MP: 5/5
  1321 | D:3      | Reached XP level 6. HP: 46/49 MP: 6/6
  1453 | D:3      | Found a transporter.
  1457 | D:3      | Found the Hermit's Pendant {Faith Invo=14 Evo=0 MP+5}
  1458 | D:3      | Noticed bosakos's ghost (amateur MiFi)
  1572 | D:3      | Found a broken altar of Ashenzari.
  1600 | D:3      | Found a transporter.
  1627 | D:3      | Noticed Ijyb
  1631 | D:3      | Killed Ijyb
  1983 | D:3      | HP: 1/49 [bosakos's ghost (11)]
  1984 | D:3      | Reached skill level 5 in Polearms
  1984 | D:3      | Slain by bosakos's ghost

Illustrated notes

Levels and vault maps discovered:
D:1:      dpeg_arrival_radiant, layout_rooms, minmay_misc_feat_plants
D:2:      layout_rooms
D:3:      layout_basic, mainiacjoe_overflow_brackets,
          gammafunk_ghost_stat_death, uniq_ijyb

Skill      XL: |  1  2  3  4  5  6 |
---------------+-------------------+-----
Fighting       | 4 |  4.8
Polearms       | 3 4 5 |  5.1
Shields        | 5 |  5.0
Armour         | |  3.2

Action                   |  1- 3 |  4- 6 || total
-------------------------+-------+-------++-------
Melee: Trident           |    36 |   159 ||   195
  Use: Potion            |     1 |     2 ||     3
       Scroll            |       |     1 ||     1
Armor: Scale mail        |    13 |    94 ||   107
Dodge: Dodged            |    10 |    93 ||   103
Block: Buckler           |     8 |    47 ||    55

Table legend: (Time is in decaauts)
 A = Elapsed time spent in this place.
 B = Non-inter-level travel time spent in this place.
 C = Inter-level travel time spent in this place.
 D = Time resting spent in this place.
 E = Time spent auto-exploring this place.
 F = Levels seen in this place.
 G = Mean time per level.
                   A        B        C        D        E       F      G
               +--------+--------+--------+--------+--------+-----+--------+
         Total |   2010 |   1960 |     50 |      0 |   1503 |   3 |  670.0 |
       Dungeon |   2010 |   1960 |     50 |      0 |   1503 |   3 |  670.0 |
               +--------+--------+--------+--------+--------+-----+--------+

Top non-repeatable levels by time:
     D:3: 924 daAuts
     D:2: 568 daAuts
     D:1: 517 daAuts
